 Dungeon Crawl Stone Soup version 0.22.0-49-gab54619 (webtiles) character file.

237 shmeve the Skirmisher (level 5, 0/47 HPs)
             Began as a Draconian Berserker on Sept 1, 2018.
             Was a Believer of Trog.
             Slain by an adder (2 damage)
             ... in a sewer on Sept 3, 2018.
             The game lasted 00:05:15 (1572 turns).

shmeve the Skirmisher (Draconian Berserker)         Turns: 1572, Time: 00:05:15

Health: 0/47       AC:  5    Str: 20    XL:     5   Next: 77%
Magic:  5/5        EV: 13    Int:  8    God:    Trog [**....]
Gold:   45         SH:  0    Dex: 10    Spells: 4/4 levels left

rFire    . . .     SeeInvis .   a - +0 hand axe
rCold    . . .     Gourm    .   (no shield)
rNeg     . . .     Faith    .   (armour unavailable)
rPois    .         Spirit   .   (helmet restricted)
rElec    .         Reflect  .   (no cloak)
rCorr    .         Harm     .   (no gloves)
MR       .....                  (no boots)
Stlth    +.........             (no amulet)
HPRegen  0.15/turn              (no ring)
MPRegen  0.09/turn              (no ring)

@: lethally poisoned (0 -> -1), berserk cooldown, slowed, very slow
A: unfitting armour, cold-blooded, AC +5
a: Berserk, Trog's Hand, Renounce Religion


You were in a sewer.
You worshipped Trog.
Trog was pleased with you.
You were very hungry.

You visited 1 branch of the dungeon, and saw 3 of its levels.
You also visited: Sewer.

You collected 45 gold pieces.

Inventory:

Hand Weapons
 a - a +0 hand axe (weapon)
Scrolls
 d - a scroll of remove curse {unknown}
 e - 2 scrolls of enchant weapon {unknown}
 f - a scroll of amnesia {unknown}
 g - a scroll of identify {unknown}
Potions
 h - a potion of haste
 i - a potion of degeneration {unknown}
Comestibles
 b - 2 rations
 c - 2 chunks of flesh


   Skills:
 * Level 4.7 Fighting
 * Level 4.3 Axes
 * Level 3.8 Dodging
 + Level 1.8 Stealth


You had 4 spell levels left.
You didn't know any spells.
Your spell library was empty.

Dungeon Overview and Level Annotations

Branches:
Dungeon (4/15)
 Temple: D:4-7

Altars:
Cheibriados
Dithmenos
Zin


Innate Abilities, Weirdness & Mutations

Your plain brown scales are hard. (AC +5)
You cannot fit into any form of body armour.
You are cold-blooded and may be slowed by cold attacks.


Message History

Unknown command.
You barely miss the frilled lizard. You tail-slap the frilled lizard.
You kill the frilled lizard!
Trog accepts your kill.
You hit the adder. You barely miss the ball python. You slash the rat!
You kill the rat!
Trog accepts your kill. The adder bites you but does no damage.
The ball python bites you.
* * * LOW HITPOINT WARNING * * *
The ball python constricts you.
You hit the ball python.
You kill the ball python!
Trog accepts your kill.
You completely miss the adder. You slash the ball python!
You kill the ball python!
Trog accepts your kill.
You are no longer berserk.
You are exhausted.
You feel yourself slow down. The adder bites you.
You die...

#≈≈≈≈≈≈#
#≈≈≈#≈.#
#≈.≈≈≈≈#
#≈≈≈≈≈≈#
#≈≈≈#≈≈#
#≈≈≈≈≈≈#
#≈≈#≈≈≈#
#≈≈≈≈≈≈#
#≈≈≈≈≈≈#
#≈≈≈≈≈≈#
#≈≈≈≈≈≈#
#≈≈≈≈≈≈#
#≈≈≈≈≈≈#
#≈≈†≈≈≈#
#≈≈≈≈≈≈#
#≈≈†≈≈≈#
#≈≈≈≈≈≈#
#≈≈@S≈≈#
##..≈≈.#
##.†.≈.#
#......#
#......#
#..∩∩..#
##......#
#......#
#.......#
##....##
##........
######
##.......
#####..


You could see an adder.

Vanquished Creatures
  Edmund (D:4)
  A bullfrog skeleton (D:4)
  2 river rats (Sewer)
  3 oozes
  2 worms
  A dart slug (D:1)
  4 leopard geckos
  2 ball pythons (Sewer)
  4 goblins (D:1)
  5 hobgoblins
  7 bats
  2 frilled lizards
  A kobold (D:2)
  18 rats
53 creatures vanquished.

Notes
Turn   | Place    | Note
-------+----------+-------------------------------------------
     0 | D:1      | shmeve the Draconian Berserker began the quest for the Orb.
     0 | D:1      | Reached XP level 1. HP: 19/19 MP: 1/1
    27 | D:1      | Upgraded the game from 0.22.0-40-g68aacdc to
                  | 0.22.0-49-gab54619
    54 | D:1      | Reached XP level 2. HP: 22/26 MP: 2/2
   586 | D:1      | Reached XP level 3. HP: 22/33 MP: 3/3
  1086 | D:2      | Reached ** piety under Trog
  1095 | D:2      | You fall through a shaft for 2 floors!
  1095 | D:4      | Found a shadowy altar of Dithmenos.
  1095 | D:4      | Noticed Edmund
  1107 | D:4      | Reached skill level 1 in Stealth
  1107 | D:4      | Reached XP level 4. HP: 37/40 MP: 4/4
  1115 | D:4      | Killed Edmund
  1115 | D:4      | Reached XP level 5. HP: 20/47 MP: 5/5
  1194 | D:4      | Found a glowing silver altar of Zin.
  1196 | D:4      | Found a snail-covered altar of Cheibriados.
  1211 | D:4      | Found a glowing drain.
  1232 | Sewer    | Entered a sewer
  1571 | Sewer    | HP: 3/70 [ball python (1)]
  1572 | Sewer    | Slain by an adder

Skill      XL: |  1  2  3  4 |
---------------+-------------+-----
Dodging        | 3 |  3.8
Fighting       | 4 |  4.7
Stealth        | 1 |  1.8
Axes           | 4 |  4.3

Action                   |  1- 3 |  4- 6 || total
-------------------------+-------+-------++-------
Melee: Hand axe          |    97 |    73 ||   170
       Tailslap          |    11 |     5 ||    16
Invok: Berserk           |     1 |     1 ||     2
 Stab: Sleeping          |     1 |       ||     1
  Eat: Chunk             |     1 |     2 ||     3
Armor: Skin              |    46 |    16 ||    62
Dodge: Dodged            |    82 |    39 ||   121
